[Event "Romanian Championship Open 2025"]
[Site "Craiova"]
[Date "2025.02.15"]
[Round "1.1"]
[White "Petroff, Vlad"]
[Black "Lupulescu, Constantin"]
[Result "0-1"]
[Annotator "TA"]
[ECO "D00"]
[WhiteElo "2112"]
[BlackElo "2603"]
[PlyCount "44"]
[EventDate "2025.02.12"]
[EventCountry "ROU"]
[SourceTitle "playchess.com"]
[Source "ChessBase"]
[SourceQuality "1"]
[TimeControl "40/5400+30:900+30"]

1. d4 d5 2. Bg5 c5 3. e3 cxd4 4. exd4 Nc6 5. Nf3 Bg4 6. Nbd2 $146 {[%emt 0:02:41] D00: 1 d4 d5: Unusual lines.} (6. Be2 h6 7. Bh4 Qb6 8. b3 g5 9. Bg3 Bg7 10. c3 Nf6 11. h3 Bf5 12. Ne5 Ne4 {0-1 Zimnikov,D-Djukin,M (2011) FIDE World Uni Rapid-E 1st 2021 (8)}) 6... Qc7 7. Be2 e6 8. c3 {[%emt 0:05:07] The position is equal.} Bd6 9. O-O h6 10. Bh4 Bxf3 11. Nxf3 f5 {[%emt 0:00:14] White should prevent ...g5.} 12. Ne5 $2 {[%emt 0:06:26] This move loses the game for White.} Bxe5 $19 13. Bh5+ (13. dxe5 g5 14. Bh5+ Ke7 $17) 13... Kd7 $1 14. dxe5 {[%emt 0:00:47] [#]} g5 $1 15. c4 {[%emt 0:02:00][%cal Oc4d5] [#]} Nge7 16. cxd5 Nxd5 17. Bf3 Rae8 (17... gxh4 18. Bxd5 exd5 19. Qxd5+ Ke7 20. b4 $17) 18. Bg3 f4 $1 19. Bxd5 exd5 20. Qxd5+ Kc8 21. e6 Rd8 {[%emt 0:04:21][%mdl 1024] Black has strong compensation.} ({Much less strong is} 21... fxg3 22. hxg3 Qd8 23. Qb3) 22. Qf5 {[%emt 0:00:40] Black must now prevent e7+.} Qe5 {[%emt 0:00:31] Weighted Error Value: White=0.26 (precise) /Black=0.04 (flawless)   Loses game:     	White=1     	---        OK:         	White=3     	Black=7      Best:        	---       	Black=2      Strong:       	---       	Black=3} (22... fxg3 $2 {loses.} 23. e7+ Kb8 (23... Rd7 $2 24. Qf8+ $18) 24. exd8=R+ (24. exd8=Q+ Rxd8 25. hxg3 Qb6 $18) 24... Rxd8 25. hxg3 $18 (25. fxg3 a5 $18)) 0-1

[Event "Romanian Championship Open 2025"]
[Site "Craiova"]
[Date "2025.02.15"]
[Round "1.2"]
[White "Nisipeanu, Liviu-Dieter"]
[Black "Tudoroiu, Razvan-Catalin"]
[Result "1-0"]
[Annotator "TA"]
[ECO "B31"]
[WhiteElo "2596"]
[BlackElo "2085"]
[PlyCount "106"]
[EventDate "2025.02.12"]
[EventCountry "ROU"]
[SourceTitle "playchess.com"]
[Source "ChessBase"]
[SourceQuality "1"]
[TimeControl "40/5400+30:900+30"]

1. e4 c5 2. Nf3 Nc6 3. Bb5 g6 4. O-O Bg7 5. Re1 Nf6 6. e5 Nd5 7. Nc3 Nc7 8. Bxc6 dxc6 9. h3 O-O 10. d3 Ne6 11. Ne4 {[%emt 0:02:23] 11.a4 is the modern continuation.} Qc7 12. Neg5 {[%emt 0:14:09] B31: Sicilian: 2...Nc6 3 Bb5 g6.} h6 13. Nxe6 Bxe6 14. Qe2 {[%emt 0:07:02] White is better.} Rad8 15. b3 Qd7 $146 (15... a5 16. a4 b6 17. Bb2 Rfe8 18. Nd2 Rc8 19. f4 Rcd8 20. Rf1 Bh8 21. Qf2 Kh7 {½-½ Henri,S (2357)-Volkov,A (2328) ICCF izt 08 email 2015 [5]}) 16. Bb2 Bd5 17. Nd2 b6 18. a4 a5 19. Qe3 Kh7 20. Re2 Be6 21. Rae1 Qc7 22. Qg3 Qd7 23. Nf3 Bd5 24. Re3 Bxf3 25. Qxf3 Qd5 26. Re4 Qe6 27. Bc3 Rd5 28. g4 Kg8 29. Qe2 {[%emt 0:00:22] White is more active.} g5 30. h4 Qg6 (30... Kh7 $16 31. Kg2 (31. hxg5 hxg5 32. Qe3 Qg6 $18) 31... Rh8) 31. hxg5 $18 hxg5 32. Kg2 Rdd8 33. Qf3 Rd5 34. Rh1 f5 35. exf6 Bxf6 36. Bxf6 Rxf6 37. Qh3 Qg7 {[%emt 0:00:04] Dodges Qh8+} 38. Qh5 Rd4 {[%emt 0:01:00] [#]} 39. Rxe7 Qxe7 40. Qh8+ (40. Qxg5+ $2 {too greedy.} Qg7 41. Qxg7+ Kxg7 $19) 40... Kf7 {[%emt 0:00:00][%cal Of6f2] ( -> ...Rxf2+!)} 41. Rh7+ Ke6 42. Rxe7+ Kxe7 {[%emt 0:00:18][%mdl 4096] Endgame KQ-KRR} 43. Qg7+ Ke6 44. Qg8+ (44. Qxg5 Rdf4 $18) 44... Ke7 45. Qxg5 Rdf4 46. Qe5+ Kd7 47. Qe2 b5 48. c4 ({Much less strong is} 48. g5 $6 R6f5 49. Kg3 bxa4 $18) 48... bxa4 49. bxa4 Re6 50. Qd1 Rd6 51. g5 Rxc4 (51... Ke6 $142 52. Qe1+ (52. Kg3 Kf5 $16) 52... Kf5 53. Qxa5 Rxd3 54. Qxc5+ Kg6) 52. Qh5 Rf4 {[%emt 0:00:42][%cal Od6d5] Prevents Qf7+.} 53. Kg3 Rf7 $2 {[%emt 0:00:42] Black got outplayed after the opening.   Weighted Error Value: White=0.12 (very precise) /Black=0.32  Mistake:       	---       	Black=3      Inaccurate:     	---       	Black=4      OK:         	White=20    	Black=5      Best:        	White=6     	Black=3} (53... Rf8 $18 54. Qh7+ Ke8) 1-0

[Event "Romanian Championship Open 2025"]
[Site "Craiova"]
[Date "2025.02.15"]
[Round "1.3"]
[White "Corbu, George-Alexandru"]
[Black "Gavrilescu, David"]
[Result "0-1"]
[Annotator "TA"]
[ECO "E24"]
[WhiteElo "2080"]
[BlackElo "2543"]
[PlyCount "110"]
[EventDate "2025.02.12"]
[EventCountry "ROU"]
[SourceTitle "playchess.com"]
[Source "ChessBase"]
[SourceQuality "1"]
[TimeControl "40/5400+30:900+30"]

1. d4 Nf6 2. c4 e6 3. Nc3 Bb4 4. a3 Bxc3+ 5. bxc3 Ne4 6. Qc2 f5 7. Nh3 O-O {[%emt 0:00:33] E24: Nimzo-Indian: Sämisch: Unusual Black 5th moves and 5...c5 sidelines.} 8. f3 Nf6 9. e4 fxe4 {[%emt 0:00:34][%cal Oc7c5] The position is equal.} 10. fxe4 {[%emt 0:00:08] and e5 would now be decisive} e5 11. Nf2 d6 12. Be2 {[%emt 0:03:44] Dodges Ng4} c5 (12... Nc6 $15) 13. d5 $146 (13. dxe5 dxe5 14. O-O Nc6 15. Bg5 Qe8 16. Nd1 Qg6 17. Bxf6 Rxf6 18. Ne3 Rxf1+ 19. Rxf1 {½-½ Botvinnik,M-Tal,M World-ch22 Tal-Botvinnik +6-2=13 1960 (16)}) 13... Qe8 14. g4 {[%emt 0:10:49] Repels Nh5} Nbd7 15. h4 $1 Nb6 {[%emt 0:14:14] [#]} 16. h5 $1 h6 17. g5 hxg5 18. Bxg5 Bd7 19. Rb1 (19. Qd3 $16) 19... Nh7 20. Be3 Qe7 21. Qd2 Rf6 22. Nh3 (22. Qd3 $16) 22... Bxh3 23. Rxh3 Raf8 24. h6 ({White should try} 24. Qd3 $14) 24... Rg6 $11 25. Bh5 $1 (25. hxg7 Qxg7 26. Qd3 Rg1+ 27. Bxg1 Qxg1+ 28. Kd2 Nxc4+ 29. Qxc4 Qxb1 $17) 25... Rgf6 (25... Nxc4 26. Bxg6 Nxd2 27. Bxh7+ Kxh7 28. hxg7+ Kxg7 29. Kxd2 $18) 26. Be2 {[%emt 0:00:12] Prevents Rf1+} (26. hxg7 $2 Qxg7 27. Qe2 Nxc4 $19) 26... g6 27. Qd3 Qd7 28. Rg3 Qa4 29. Bc1 R8f7 30. Rg1 Kh8 31. Qh3 (31. Rb2 $11) 31... Qc2 {[%emt 0:01:19] Really sharp!} ({Black should try} 31... Nxc4 $17 32. Bd1 Qa5) 32. Qd3 Qa4 33. Qd1 Qd7 34. Bg4 Qe7 35. Qe2 {[%emt 0:00:30] Repels Rf2. Black converts the advantage convincingly.} (35. Qd3 $1 $11) 35... Rf2 $1 $36 {[%emt 0:00:36][%mdl 2048] White is under strong pressure.} 36. Qxf2 (36. Qe3) 36... Rxf2 $19 37. Kxf2 {[%emt 0:00:05] [#]} Qh4+ $1 (37... Nxc4 38. Bf3 $15) 38. Rg3 Nf6 {[%emt 0:00:21] Black is clearly winning.} (38... Nxc4 39. Rxb7 Nf6 40. Rb8+ Kh7 41. Rb7+ Kh8 42. Bf3 $11) 39. Bf3 Nxe4+ ({Not} 39... Kh7 40. Bg5 $11) 40. Bxe4 Qxe4 41. Rb2 {[%emt 0:00:54] Against Qc2+} Nxc4 42. Re2 Qxd5 43. Rf3 e4 44. Rf4 Ne5 45. Rf8+ Kh7 46. Bf4 {[%emt 0:00:14] [#]} g5 $1 47. Be3 (47. Bxe5 Qxe5) 47... Kxh6 {[%emt 0:00:36] and ...Kg7 would now be decisive} 48. Kg3 Nf3 49. Re8 Qd3 50. Kf2 Ne5 51. Rh8+ Kg7 52. Rh3 Ng4+ 53. Kf1 Qxc3 54. Rg3 Nxe3+ 55. Rexe3 Qe5 {[%emt 0:00:09] Weighted Error Value: White=0.53/Black=0.19 (very precise)   Mistake:       	White=6     	Black=2      Inaccurate:     	White=1     	Black=2      OK:         	White=8     	Black=15     Best:        	White=3     	Black=3      Strong:       	White=3     	Black=2} 0-1

[Event "Romanian Championship Open 2025"]
[Site "Craiova"]
[Date "2025.02.15"]
[Round "1.4"]
[White "Parligras, Mircea-Emilian"]
[Black "Dascalescu, Adelin-Stefan"]
[Result "1-0"]
[Annotator "TA"]
[ECO "A80"]
[WhiteElo "2528"]
[BlackElo "2045"]
[PlyCount "121"]
[EventDate "2025.02.12"]
[EventCountry "ROU"]
[SourceTitle "playchess.com"]
[Source "ChessBase"]
[SourceQuality "1"]
[TimeControl "40/5400+30:900+30"]

1. d4 f5 2. Nc3 Nf6 3. Bg5 d6 4. e3 Nbd7 5. Bd3 g6 6. e4 $146 {[%emt 0:01:42] A80: Dutch Defence: Unusual White second moves.} (6. Nge2 Bg7 7. O-O c5 8. Re1 a6 9. Nf4 Nb6 10. dxc5 dxc5 11. Qe2 e5 12. e4 exf4 13. exf5+ {1-0 Anders,H-Schacknies,K Rangliste 1400-1700 19734 2016}) 6... fxe4 7. Nxe4 Bg7 8. Nf3 {[%emt 0:01:33][%cal Bg1f3,Bf3h4,Bh4f5][%mdl 32] White is slightly better.} Nxe4 9. Bxe4 Nf6 10. Bd3 O-O 11. O-O h6 12. Be3 Bf5 ({Black should try} 12... g5 $1 $14) 13. Nh4 $16 Bxd3 (13... Nd5 $16 14. Nxg6 Bxg6) 14. Qxd3 $18 (14. cxd3 Kh7 $15) 14... g5 15. Nf5 Qd7 16. d5 {[%emt 0:14:06] White is more active.} c6 (16... Nh5 $16) 17. Nxg7 Kxg7 18. c4 Qe8 19. Rae1 Qf7 (19... cxd5 $16 20. cxd5 Qg6) 20. Bd4 Rae8 21. Re6 (21. Bxa7 cxd5 22. c5 Kg8 $11) 21... Qg6 22. Qb3 cxd5 23. cxd5 b6 24. Rfe1 Rf7 25. Qa4 Kf8 26. Qxa7 Qf5 27. Qxb6 Nxd5 28. Qb5 (28. Qxd6 $6 Ne3 29. Qg3 (29. R6xe3 $2 Qxf2+ 30. Kh1 Qf1+ 31. Rxf1 Rxf1#) 29... Qxe6 $14) 28... Ne3 29. Qxf5 Nxf5 30. Bc3 Rc8 31. Kf1 g4 32. Rd1 Ke8 33. Rd3 Kd7 34. Re4 h5 35. g3 e6 36. a4 d5 37. a5 Nd6 38. Rb4 Rf5 39. a6 Ra8 40. Ra4 $36 {[%emt 0:11:13][%mdl 2048] Black is under strong pressure.} Nb5 41. Bd4 e5 {[%emt 0:02:33] [#]} (41... Nxd4 $16 42. Rdxd4 Kc6) 42. Bc5 $1 Kc6 {[%emt 0:00:22] [#]} 43. b4 d4 44. Rd2 ({White should play} 44. Ra5 $18) 44... Nc3 45. Ra5 Ne4 $2 {[%emt 0:00:10] A mistake that costs the game.} (45... Rf7 $16 {was called for.} 46. Rc2 Rc7) 46. Re2 Nc3 {[%emt 0:00:37] [#]} (46... Nxc5 $142 47. Rxc5+ Kb6) 47. Bxd4 $1 Nxe2 48. Kxe2 {[%emt 0:00:00][%mdl 4096] Endgame KRR-KRB} Re8 $2 (48... Kc7 49. Rc5+ (49. Bxe5+ Kc6 $18) (49. Rxe5 Rxe5+ 50. Bxe5+ Kc6 $11) 49... Kd6) 49. Be3 Rb8 (49... Kc7 $142 50. Rb5 Ref8 51. Rb7+ Kc8) 50. Rc5+ Kd6 51. a7 Ra8 52. b5 Rf7 53. b6 Rb7 54. Ra5 Ke6 $2 (54... Rh7 55. Rc5 Rb7) 55. Kd3 Kf5 $2 (55... Kd6 56. Ke4 Rg7 57. Rxe5 Kc6 58. Rxh5 Rd8) 56. Kc4 {[%emt 0:00:00] White is clearly winning.} Ke6 57. Kb5 Rd7 58. Ka6 {[%emt 0:00:00] Strongly threatening b7.} Rd6 59. Bc5 Rc6 60. Kb5 Rac8 61. Bb4 {[%emt 0:00:00] Weighted Error Value: White=0.21 (precise) /Black=0.57  Mistake:       	White=1     	Black=11     Inaccurate:     	White=2     	Black=4      OK:         	White=19    	Black=17     Best:        	White=2     	Black=5      Strong:       	White=1     	---} ({Stronger than} 61. a8=R Rxc5+ 62. Ka4 Rc4+ 63. Ka3 Rc3+ 64. Kb2 (64. Kb4 R8c4+ 65. Kb5 Rc5+ 66. Ka4 R5c4+ 67. Kb5 Rc5+ 68. Kb4 R5c4+ 69. Kb5 $11) 64... Rc2+ 65. Ka3 (65. Kb3 R8c3+ 66. Kb4 Rc4+ 67. Kb5 Rc5+ 68. Ka4 R5c4+ 69. Ka3 R4c3+ 70. Ka4 Rc4+ 71. Ka3 R4c3+ 72. Ka4 Rc4+ $11) 65... R8c3+ 66. Kb4 Rc6 $11) 1-0

[Event "Romanian Championship Open 2025"]
[Site "Craiova"]
[Date "2025.02.15"]
[Round "1.5"]
[White "Dumitrescu, Daniel"]
[Black "Jianu, Vlad-Cristian"]
[Result "0-1"]
[Annotator "TA"]
[ECO "A46"]
[WhiteElo "2038"]
[BlackElo "2467"]
[PlyCount "80"]
[EventDate "2025.02.12"]
[EventCountry "ROU"]
[SourceTitle "playchess.com"]
[Source "ChessBase"]
[SourceQuality "1"]
[TimeControl "40/5400+30:900+30"]

1. Nf3 Nf6 2. g3 d5 3. Bg2 e6 4. O-O Be7 5. d4 b5 6. a4 {[%emt 0:04:28] A46: 1 d4 Nf6 2 Nf3 e6: Torre, London and Colle Systems.} b4 7. a5 O-O 8. Nbd2 {[%emt 0:00:31] Black has an edge.} Nbd7 9. Nb3 Ba6 10. Re1 c5 11. c3 $146 (11. Ne5 $15) ({Predecessor:} 11. dxc5 Nxc5 12. Nbd4 Rc8 13. Ne5 Bb7 14. Bd2 Nce4 15. a6 Ba8 16. Be3 Qc7 17. Nd3 {0-1 Cori Tello,D (2389)-Priyanka,N (2272) Swiss Queens Wed #14 blitz 2024 (7)}) 11... bxc3 $17 12. bxc3 Ne4 {[%emt 0:01:48][%csl Oe4] Strong Square Black (e4)} 13. Qc2 Rc8 {[%emt 0:08:26] Black is more active.} 14. Qb2 {[%emt 0:09:36] [#]} (14. Bb2 $17) 14... cxd4 $1 $19 15. cxd4 Bb4 16. Nfd2 Bc3 17. Qa3 Nxd2 18. Bxd2 Bxa1 19. Nxa1 Qc7 20. Nb3 Rfe8 21. Bb4 Rb8 22. Nc5 Nxc5 23. Bxc5 Rb5 24. Ra1 Reb8 25. Qc1 {[%emt 0:15:56] Dodges Rb1} Rxa5 26. Rxa5 Qxa5 27. Bxa7 Rc8 28. Bc5 Bxe2 29. h4 h6 30. Kh2 Qa4 31. Qb2 Bb5 32. Kh3 Ra8 33. Bd6 Qc4 34. Ba3 Qe2 35. Qb4 (35. Qxe2 $142 Bxe2 36. Bc5) 35... Qxf2 {[%emt 0:02:10] [#] White must now prevent ...Bf1.} 36. h5 Bf1 {[%emt 0:00:37] Black mates.} 37. Bxf1 Qxf1+ 38. Kh4 Qh1+ 39. Kg4 f5+ 40. Kf4 Qe4# {[%emt 0:00:00] Black took control after the opening.   Weighted Error Value: White=0.52/Black=0.06 (flawless)   Mistake:       	White=3     	---        Inaccurate:     	White=5     	---        OK:         	White=8     	Black=18     Best:        	---       	Black=3} 0-1

[Event "Romanian Championship Open 2025"]
[Site "Craiova"]
[Date "2025.02.15"]
[Round "1.6"]
[White "Ghimpu, Samuel-Timotei"]
[Black "Panc, Samuel"]
[Result "0-1"]
[Annotator "ChessBase"]
[ECO "B30"]
[WhiteElo "2456"]
[BlackElo "2036"]
[PlyCount "58"]
[EventDate "2025.02.12"]
[EventCountry "ROU"]
[SourceTitle "playchess.com"]
[Source "ChessBase"]
[SourceQuality "1"]
[TimeControl "40/5400+30:900+30"]

1. e4 c5 2. Nf3 Nc6 3. Nc3 Nf6 4. Bb5 Nd4 5. e5 Nxb5 6. Nxb5 Nd5 7. O-O a6 8. c4 Nc7 9. Nc3 b5 10. d4 cxd4 11. Nxd4 bxc4 12. Qa4 Bb7 13. Bg5 h6 14. Bh4 g5 15. Bg3 e6 16. Qxc4 h5 17. h3 h4 18. Bh2 g4 19. hxg4 h3 20. g3 Rc8 21. Qe2 Bc5 22. Ne4 Nb5 23. Nxb5 axb5 24. Nf6+ Kf8 25. Qxb5 Rc7 26. Rac1 Qa8 27. Qe2 Bh1 28. Ne4 Bxe4 29. Rxc5 Bd3 0-1

[Event "Romanian Championship Open 2025"]
[Site "Craiova"]
[Date "2025.02.15"]
[Round "1.7"]
[White "Ivancescu, Bogdan-Andrei"]
[Black "Magold, Filip"]
[Result "0-1"]
[Annotator "ChessBase"]
[ECO "B40"]
[WhiteElo "2032"]
[BlackElo "2431"]
[PlyCount "66"]
[EventDate "2025.02.12"]
[EventCountry "ROU"]
[SourceTitle "playchess.com"]
[Source "ChessBase"]
[SourceQuality "1"]
[TimeControl "40/5400+30:900+30"]

1. e4 c5 2. Nf3 e6 3. g3 Nc6 4. Bg2 Nf6 5. Qe2 e5 6. O-O Be7 7. c3 O-O 8. Na3 Re8 9. h3 Bf8 10. Nc2 d5 11. d3 h6 12. Nh2 Be6 13. f4 exf4 14. gxf4 dxe4 15. dxe4 Bf5 16. Rd1 Qc8 17. e5 Bxh3 18. Qf3 Bxg2 19. Kxg2 Nh7 20. Ng4 Qe6 21. Nce3 Rad8 22. Nd5 Nd4 23. Rxd4 cxd4 24. Nc7 Qb6 25. Nxe8 Rxe8 26. cxd4 Qxd4 27. Qxb7 h5 28. Nf2 Bc5 29. Nh3 Re6 30. Qf3 Rg6+ 31. Kh2 h4 32. Rb1 Rg3 33. Qa8+ Nf8 0-1

[Event "Romanian Championship Open 2025"]
[Site "Craiova"]
[Date "2025.02.15"]
[Round "1.8"]
[White "Bida, Mihai-Eugen"]
[Black "Barbu, Simon-Alexandru"]
[Result "1/2-1/2"]
[Annotator "ChessBase"]
[ECO "A57"]
[WhiteElo "2413"]
[BlackElo "2023"]
[PlyCount "89"]
[EventDate "2025.02.12"]
[EventCountry "ROU"]
[SourceTitle "playchess.com"]
[Source "ChessBase"]
[SourceQuality "1"]
[TimeControl "40/5400+30:900+30"]

1. d4 Nf6 2. c4 c5 3. d5 b5 4. Nd2 b4 5. e4 d6 6. h3 g6 7. Bd3 e5 8. dxe6 Bxe6 9. Ne2 Bg7 10. f4 Nc6 11. O-O O-O 12. Nf3 Qe7 13. Ng3 a5 14. Re1 Rfe8 15. Rb1 Bc8 16. b3 Nd7 17. Nf1 Bb7 18. Kh1 Nf8 19. Ne3 Nd4 20. Nd5 Qd8 21. Bb2 Nfe6 22. f5 Nxf3 23. Qxf3 Nd4 24. Qf2 a4 25. f6 Bh8 26. Bxd4 cxd4 27. Ne7+ Rxe7 28. fxe7 Qxe7 29. bxa4 Rxa4 30. e5 Bxe5 31. c5 Qe6 32. Be4 Rxa2 33. Qf3 Ra3 34. Qg4 f5 35. Bxf5 Qxf5 36. Qxf5 gxf5 37. Rxb4 Be4 38. cxd6 Rxh3+ 39. Kg1 Bh2+ 40. Kf1 Bd3+ 41. Kf2 Bg3+ 42. Kg1 Bxe1 43. d7 Bh4 44. gxh3 Be4 45. Rb8+ 1/2-1/2

[Event "Romanian Championship Open 2025"]
[Site "Craiova"]
[Date "2025.02.15"]
[Round "1.9"]
[White "Tamas, Christian-Arrydan"]
[Black "Ilinca, Felix-Antonio"]
[Result "1/2-1/2"]
[Annotator "ChessBase"]
[ECO "D35"]
[WhiteElo "2016"]
[BlackElo "2412"]
[PlyCount "113"]
[EventDate "2025.02.12"]
[EventCountry "ROU"]
[SourceTitle "playchess.com"]
[Source "ChessBase"]
[SourceQuality "1"]
[TimeControl "40/5400+30:900+30"]

1. d4 d5 2. c4 e6 3. Nc3 Nf6 4. cxd5 exd5 5. Bg5 Bb4 6. e3 h6 7. Bh4 g5 8. Bg3 Ne4 9. a3 Bxc3+ 10. bxc3 h5 11. f3 Nxg3 12. hxg3 Nc6 13. Bd3 Qd6 14. g4 Bd7 15. Kf2 O-O-O 16. gxh5 Rde8 17. Ne2 Na5 18. Ng3 Kb8 19. Re1 Rhf8 20. Qc2 c5 21. Rac1 Ka8 22. Qb1 c4 23. Bf5 Nb3 24. Rcd1 Ba4 25. Re2 Rh8 26. Rh1 Bc6 27. Bg4 Qxa3 28. h6 Qa5 29. Qc2 Ba4 30. Qa2 b5 31. Qa3 Qb6 32. h7 a5 33. Nf5 Re6 34. Ree1 Qc7 35. Rh5 f6 36. Reh1 Ka7 37. Nh6 Re7 38. Ng8 Rexh7 39. Nxf6 Rxh5 40. Rxh5 Rxh5 41. Bxh5 Qd8 42. Ng4 Kb6 43. Ne5 Kc7 44. Nf7 Qf6 45. Qf8 b4 46. Qa8 Bc6 47. Qa7+ Bb7 48. Ne5 bxc3 49. Nd7 Qc6 50. Qb8+ Kxd7 51. Be8+ Ke7 52. Bxc6 Bxc6 53. Qe5+ Kd8 54. Qxg5+ Kc7 55. Qf5 a4 56. Qc2 a3 57. Ke1 1/2-1/2

[Event "Romanian Championship Open 2025"]
[Site "Craiova"]
[Date "2025.02.15"]
[Round "1.10"]
[White "Secheres, Adrian-Simion"]
[Black "Avramescu, Paul-Mihai"]
[Result "1-0"]
[Annotator "ChessBase"]
[ECO "E16"]
[WhiteElo "2350"]
[BlackElo "2008"]
[PlyCount "89"]
[EventDate "2025.02.12"]
[EventCountry "ROU"]
[SourceTitle "playchess.com"]
[Source "ChessBase"]
[SourceQuality "1"]
[TimeControl "40/5400+30:900+30"]

1. d4 Nf6 2. Nf3 b6 3. g3 Bb7 4. Bg2 e6 5. c4 Bb4+ 6. Bd2 Bxd2+ 7. Qxd2 O-O 8. O-O d6 9. Qc2 Be4 10. Qc1 Nbd7 11. Nc3 Bb7 12. Qc2 Qc8 13. e4 e5 14. Rad1 exd4 15. Nxd4 Re8 16. Rfe1 Nf8 17. Nd5 Qd8 18. Nb5 Nxd5 19. cxd5 Re7 20. Re3 a6 21. Nd4 g6 22. Rc3 Ra7 23. Rc1 Ba8 24. h4 Qd7 25. Qd2 f6 26. Kh2 Kg7 27. Qf4 Qd8 28. h5 Re5 29. h6+ Kf7 30. Nf3 Rh5+ 31. Kg1 Qe7 32. g4 g5 33. Qf5 Rxh6 34. e5 Kg7 35. Qc8 c5 36. Nd4 cxd4 37. Rc7 fxe5 38. Rxe7+ Rxe7 39. Qxa8 Rf6 40. Qd8 Ref7 41. Be4 Nd7 42. Bf5 Nc5 43. b4 Rxf5 44. gxf5 Ne4 45. f3 1-0

[Event "Romanian Championship Open 2025"]
[Site "Craiova"]
[Date "2025.02.15"]
[Round "1.11"]
[White "Ulian, Andrei-Octavian"]
[Black "David, Alexandru-Vasile"]
[Result "0-1"]
[Annotator "ChessBase"]
[ECO "A25"]
[WhiteElo "1996"]
[BlackElo "2331"]
[PlyCount "118"]
[EventDate "2025.02.12"]
[EventCountry "ROU"]
[SourceTitle "playchess.com"]
[Source "ChessBase"]
[SourceQuality "1"]
[TimeControl "40/5400+30:900+30"]

1. c4 e5 2. g3 Nc6 3. Bg2 Bc5 4. Nc3 a6 5. d3 d6 6. e4 Nge7 7. Nge2 O-O 8. O-O f5 9. a3 Ba7 10. Nd5 fxe4 11. dxe4 Bg4 12. Qd3 Qd7 13. Bg5 h6 14. Nxe7+ Nxe7 15. Be3 Bxe3 16. fxe3 Qe6 17. Kh1 c6 18. Ng1 b5 19. b3 Qg6 20. h3 Bd7 21. Kh2 bxc4 22. bxc4 Rab8 23. Rxf8+ Rxf8 24. Ra2 c5 25. Rd2 Rf6 26. Nf3 Bc6 27. Nh4 Qf7 28. g4 g6 29. Kg3 Nc8 30. Rb2 Qc7 31. Qb3 Kg7 32. Qb8 Rf7 33. Bf3 Qd8 34. Bg2 Ra7 35. Bf3 a5 36. Qb3 Rb7 37. Qc3 Rxb2 38. Qxb2 Qb6 39. Qc2 a4 40. Bd1 Ne7 41. Nf3 Ng8 42. h4 Nf6 43. Nd2 g5 44. h5 Kf7 45. Bf3 Ke7 46. Bd1 Qb7 47. Bf3 Bd7 48. Be2 Qb6 49. Bf3 Qa5 50. Qd3 Bxg4 51. Bxg4 Qxd2 52. Be2 Qe1+ 53. Kg2 g4 54. Qd1 Qh4 55. Qxa4 Qh3+ 56. Kg1 Qxe3+ 57. Kh1 Qxe2 58. Qa7+ Nd7 59. Qa8 g3 0-1

[Event "Romanian Championship Open 2025"]
[Site "Craiova"]
[Date "2025.02.15"]
[Round "1.12"]
[White "Filip, Lucian-Ioan"]
[Black "Vasile, Matei"]
[Result "1-0"]
[Annotator "ChessBase"]
[ECO "E04"]
[WhiteElo "2328"]
[BlackElo "1993"]
[PlyCount "69"]
[EventDate "2025.02.12"]
[EventCountry "ROU"]
[SourceTitle "playchess.com"]
[Source "ChessBase"]
[SourceQuality "1"]
[TimeControl "40/5400+30:900+30"]

1. d4 d5 2. c4 e6 3. Nf3 Nf6 4. g3 dxc4 5. Bg2 c5 6. O-O Nc6 7. Ne5 Bd7 8. Nxc4 cxd4 9. Bf4 Be7 10. Nd6+ Kf8 11. Nxb7 Qb6 12. Nd6 Nh5 13. Nc4 Qc5 14. Ne5 Be8 15. Bxc6 Bxc6 16. Nxc6 Qxc6 17. Qxd4 Rd8 18. Qe5 Nxf4 19. Qxf4 Qc2 20. Nc3 Qxb2 21. Qf3 g6 22. Rab1 Qa3 23. Rb3 Qc5 24. Rb7 a5 25. Ne4 Qe5 26. Rc1 f5 27. Rcc7 Re8 28. Nd2 h5 29. h4 Qa1+ 30. Kg2 g5 31. Qe3 Qf6 32. hxg5 Qg6 33. Nf3 Rg8 34. Nd4 Bxg5 35. Qxg5 1-0

[Event "Romanian Championship Open 2025"]
[Site "Craiova"]
[Date "2025.02.15"]
[Round "1.13"]
[White "Armenciu, Bogdan-Ovidiu"]
[Black "Filip, Andrei"]
[Result "0-1"]
[Annotator "ChessBase"]
[ECO "B41"]
[WhiteElo "1950"]
[BlackElo "2320"]
[PlyCount "84"]
[EventDate "2025.02.12"]
[EventCountry "ROU"]
[SourceTitle "playchess.com"]
[Source "ChessBase"]
[SourceQuality "1"]
[TimeControl "40/5400+30:900+30"]

1. e4 c5 2. Nf3 e6 3. d4 cxd4 4. Nxd4 a6 5. c4 Nf6 6. Nc3 Qc7 7. a3 Nc6 8. Be3 Bd6 9. g3 O-O 10. Bg2 Ne5 11. b3 Neg4 12. Bg5 Bc5 13. O-O Qe5 14. Bxf6 Qxf6 15. Nce2 d6 16. b4 Ba7 17. h3 Ne5 18. Rc1 Bd7 19. Kh2 Rac8 20. Qb3 Qh6 21. Rfd1 Rc7 22. f4 Ng4+ 23. Kg1 e5 24. hxg4 Bxg4 25. Bf3 Bh3 26. fxe5 dxe5 27. c5 exd4 28. Rxd4 b6 29. Rd6 Be6 30. Qc3 bxc5 31. b5 axb5 32. Nf4 c4+ 33. Kg2 Bh3+ 34. Nxh3 Qxd6 35. Rd1 Qb6 36. e5 Rcc8 37. Bd5 Qe3 38. Qxe3 Bxe3 39. e6 c3 40. exf7+ Kh8 41. Nf4 c2 42. Rh1 Bxf4 0-1

[Event "Romanian Championship Open 2025"]
[Site "Craiova"]
[Date "2025.02.15"]
[Round "1.14"]
[White "Nedelcu, Teodor-Cosmin"]
[Black "Berechet, Otiliu-Octavian"]
[Result "1/2-1/2"]
[Annotator "ChessBase"]
[ECO "D40"]
[WhiteElo "2320"]
[BlackElo "1946"]
[PlyCount "76"]
[EventDate "2025.02.12"]
[EventCountry "ROU"]
[SourceTitle "playchess.com"]
[Source "ChessBase"]
[SourceQuality "1"]
[TimeControl "40/5400+30:900+30"]

1. d4 d5 2. c4 e6 3. Nc3 c5 4. e3 Nf6 5. Nf3 Nc6 6. a3 a6 7. dxc5 Bxc5 8. b4 Ba7 9. Bb2 O-O 10. h3 dxc4 11. Bxc4 b5 12. Bb3 Qxd1+ 13. Rxd1 Bb7 14. O-O Rfd8 15. Ne2 Rxd1 16. Rxd1 Rd8 17. Rc1 Rc8 18. Nf4 Kf8 19. Ng5 Nd8 20. Rd1 h6 21. Bxf6 gxf6 22. Nxf7 Kxf7 23. Bxe6+ Nxe6 24. Rd7+ Ke8 25. Rxb7 Nxf4 26. Rxa7 Nd3 27. Rxa6 Rc1+ 28. Kh2 Nxf2 29. Rb6 Ra1 30. Kg3 Nd1 31. Rxf6 Rxa3 32. Rf5 Nxe3 33. Rxb5 Rb3 34. Kf2 Nc2 35. Rh5 Nxb4 36. Rxh6 Nd3+ 37. Kg1 Nf4 38. Rh4 Nxg2 1/2-1/2